 Dungeon Crawl Stone Soup version 0.22-a0-113-gdd6f4a9 (webtiles) character file.

2816 galech the Grappler (level 9, -2/92 HPs)
             Began as a Troll Monk on Jan 28, 2018.
             Was an Elder of Okawaru.
             Slain by a two-headed ogre
             ... wielding a +0 giant club
              (7 damage)
             ... on level 8 of the Dungeon.
             The game lasted 00:12:35 (7663 turns).

galech the Grappler (Troll Monk)                    Turns: 7663, Time: 00:12:36

Health: -2/92      AC: 12    Str: 29    XL:     9   Next: 44%
Magic:  0/8        EV:  9    Int:  6    God:    Okawaru [****..]
Gold:   408        SH:  0    Dex: 12    Spells: 8/8 levels left

rFire    . . .     SeeInvis .   (no weapon)
rCold    . . .     Gourm    +   (no shield)
rNeg     . . .     Faith    .   a - +0 robe
rPois    .         Spirit   +   (helmet restricted)
rElec    .         Reflect  .   r - +2 cloak of Duck's Teeth {Regen+ Str+3 Stlth+}
rCorr    .         Harm     .   (gloves unavailable)
MR       .....                  (boots unavailable)
Stlth    ++........             o - amulet of guardian spirit
HPRegen  1.05/turn              u - +2 ring of strength
MPRegen  0.11/turn              n - +4 ring of protection

@: extremely drained
A: large, unfitting armour, claws 3, fast metabolism 3, gourmand, regeneration
1, shaggy fur 1, tough skin 2
a: Heroism, Renounce Religion


You were on level 8 of the Dungeon.
You worshipped Okawaru.
Okawaru was greatly pleased with you.
You were full.

You visited 2 branches of the dungeon, and saw 9 of its levels.

You collected 408 gold pieces.

Inventory:

Armour
 a - a +0 robe (worn)
 r - the +2 cloak of Duck's Teeth (worn) {Regen+ Str+3 Stlth+}
   (You found it on level 4 of the Dungeon)

   It affects your strength (+3).
   It increases your rate of regeneration.
   It makes you more stealthy.
Jewellery
 e - an uncursed amulet of regeneration {unknown}
 j - an uncursed amulet of faith
 n - a +4 ring of protection (right claw)
 o - an amulet of guardian spirit (around neck)
 s - an uncursed ring of fire
 u - a +2 ring of strength (left claw)
 y - an uncursed ring of positive energy
Wands
 p - a wand of flame (21)
 w - a wand of acid (6)
 x - a wand of paralysis (18)
Scrolls
 c - a scroll of summoning {unknown}
 d - 5 scrolls of teleportation {unknown}
 g - 8 scrolls of identify {unknown}
 i - 8 scrolls of remove curse
 k - a scroll of blinking {unknown}
 m - 2 scrolls of enchant armour {unknown}
 q - 3 scrolls of amnesia {unknown}
 t - a scroll of vulnerability {unknown}
 v - a scroll of silence {unknown}
 z - a scroll of fog {unknown}
Potions
 f - a potion of might
 h - a potion of brilliance
 l - 3 potions of curing
 A - a potion of agility
Comestibles
 b - 19 rations


   Skills:
 + Level 6.7(0.0) Fighting
 - Level 2.8(0.0) Dodging
 - Level 1.1(0.0) Stealth
 * Level 10.9(0.0) Unarmed Combat


You had 8 spell levels left.
You didn't know any spells.

Dungeon Overview and Level Annotations

Branches:
Dungeon (8/15)             Temple (1/1) D:4
   Lair: D:8-11

Altars:
Ashenzari
Dithmenos
Gozag
Hepliaklqana
Kikubaaqudgha
Makhleb
Nemelex Xobeh
Okawaru
Ru
Trog
Vehumet
Wu Jian
Yredelemnul
Zin
The Shining One

Annotations:
D:4 2 transporters


Innate Abilities, Weirdness & Mutations

You are too large for most types of armour.
You have claws for hands.
Your metabolism is lightning-fast.
You like to eat raw meat.
Your natural rate of healing is unusually fast.
You are covered in fur. (AC +1)
You have very tough skin. (AC +2)


Message History

The two-headed ogre is severely wounded.
The two-headed ogre hits you with a giant club!!
The two-headed ogre hits you with a giant club.
You scratch the two-headed ogre but do no damage.
The two-headed ogre is severely wounded.
The two-headed ogre hits you with a giant club!!
The two-headed ogre hits you with a giant club.
* * * LOW HITPOINT WARNING * * *
You scratch the two-headed ogre but do no damage.
The two-headed ogre is severely wounded.
You barely miss the two-headed ogre.
The two-headed ogre is severely wounded.
The two-headed ogre hits you with a giant club!!
* * * LOW HITPOINT WARNING * * *
The two-headed ogre barely misses you.
You scratch the two-headed ogre.
The two-headed ogre is severely wounded.
You feel like a meek peon again.
The two-headed ogre hits you with a giant club!
You die...

#.# #.# # #### #.# #.
..# #.# .###.####.####
..#... .....#
#.#####O#..###..#.#
#......@#...>...#.#
#.#####.#..####.#.######
#...#.## #>#.#.....
#.###.# #.....####
#.....# #.#.### #####.#
#.#.# #.# #.#.###### ..#
#.#....... ###
#....#####


You could see a two-headed ogre.

Vanquished Creatures
  Pikel (D:7)
  The ghost of Vajrapani the Sneak, a novice OpGl (D:6)
  Sigmund (D:2)
  The ghost of ThereIsNoGod the Digger, an amateur FoEE (D:3)
  Edmund (D:6)
  2 black bears (D:6)
  A phantom (D:7)
  A sky beast (D:6)
  A centaur (D:6)
  An ogre (D:5)
  2 bullfrogs
  5 wights (D:7)
  A howler monkey (D:5)
  A crimson imp (D:5)
  A centaur zombie (D:6)
  3 hounds
  A centaur skeleton (D:4)
  Jessica (D:2)
  4 iguanas
  Ijyb (D:3)
  5 worker ants
  2 orc wizards
  4 gnolls (D:6)
  9 adders
  A shadow imp (D:7)
  An ooze (D:1)
  An adder zombie (D:5)
  An adder skeleton (D:7)
  2 dart slugs
  2 leopard geckos
  9 orcs
  4 ball pythons
  12 bats
  5 giant cockroaches
  5 goblins
  5 hobgoblins
  6 quokkas
  6 frilled lizards
  16 kobolds
  2 leopard gecko skeletons (D:7)
  A leopard gecko zombie (D:5)
  6 rats
136 creatures vanquished.

Vanquished Creatures (others)
  A human (D:4)
  A crimson imp (D:7)
2 creatures vanquished.

Grand Total: 138 creatures vanquished

Notes
Turn   | Place    | Note
-------+----------+-------------------------------------------
     0 | D:1      | galech the Troll Monk began the quest for the Orb.
     0 | D:1      | Reached XP level 1. HP: 22/22 MP: 0/0
   141 | D:1      | Reached XP level 2. HP: 27/29 MP: 1/1
   590 | D:1      | Reached XP level 3. HP: 28/36 MP: 2/2
   938 | D:2      | Found a sacrificial altar of Ru.
   947 | D:2      | Reached skill level 4 in Unarmed Combat
   947 | D:2      | Reached XP level 4. HP: 43/44 MP: 3/3
  1090 | D:2      | Found a glowing golden altar of the Shining One.
  1261 | D:2      | Noticed Sigmund
  1288 | D:2      | Killed Sigmund
  1288 | D:2      | Reached skill level 5 in Unarmed Combat
  1288 | D:2      | Reached XP level 5. HP: 8/53 MP: 4/4
  1423 | D:2      | Reached XP level 6. HP: 61/61 MP: 5/5
  1500 | D:2      | Noticed Jessica
  1507 | D:2      | Killed Jessica
  2030 | D:3      | Noticed Ijyb
  2039 | D:3      | Killed Ijyb
  2173 | D:3      | Noticed ThereIsNoGod's ghost (amateur FoEE)
  2178 | D:3      | Killed ThereIsNoGod's ghost
  2178 | D:3      | Reached skill level 6 in Unarmed Combat
  2635 | D:4      | Found a transporter.
  2665 | D:4      | Found a transporter.
  2708 | D:4      | Found a staircase to the Ecumenical Temple.
  2716 | Temple   | Entered the Ecumenical Temple
  2746 | Temple   | Became a worshipper of Warmaster Okawaru
  2746 | Temple   | Reached * piety under Okawaru
  2746 | Temple   | Reached ** piety under Okawaru
  2814 | D:4      | Reached XP level 7. HP: 63/70 MP: 4/6
  2881 | D:4      | Got an ichor-stained cloak
  2887 | D:4      | Identified the +2 cloak of Duck's Teeth {Regen+ Str+3 Stlth+} (You found it on level 4 of the Dungeon)
  3061 | D:4      | Found an ancient bone altar of Kikubaaqudgha.
  3062 | D:4      | Noticed a human
  3064 | D:4      | Killed a human
  3513 | D:5      | Entered Level 5 of the Dungeon
  3526 | D:5      | Reached skill level 7 in Unarmed Combat
  4012 | D:5      | Found a glowing silver altar of Zin.
  4767 | D:6      | Found a bloodstained altar of Trog.
  4851 | D:6      | Reached skill level 8 in Unarmed Combat
  4851 | D:6      | Reached XP level 8. HP: 59/79 MP: 2/7
  4918 | D:6      | Reached skill level 5 in Fighting
  5330 | D:6      | Noticed Vajrapani's ghost (novice OpGl)
  5636 | D:6      | Killed Vajrapani's ghost
  5636 | D:6      | Reached *** piety under Okawaru
  5636 | D:6      | Reached skill level 9 in Unarmed Combat
  5964 | D:6      | Noticed Edmund
  6487 | D:6      | Killed Edmund
  6624 | D:7      | Found a radiant altar of Vehumet.
  6661 | D:7      | Found an iron altar of Okawaru.
  6716 | D:7      | Noticed Pikel
  6730 | D:7      | Killed Pikel
  6730 | D:7      | Reached **** piety under Okawaru
  6730 | D:7      | Reached skill level 10 in Unarmed Combat
  6730 | D:7      | Reached XP level 9. HP: 69/92 MP: 3/8
  6760 | D:7      | Found a shadowy altar of Dithmenos.
  6827 | D:7      | Found an opulent altar of Gozag.
  7651 | D:8      | Noticed a two-headed ogre
  7662 | D:8      | HP: 4/92 [two-headed ogre/giant club (22)]
  7663 | D:8      | Slain by a two-headed ogre

Vault maps used:
D:1:      minmay_arrival_jagged
D:2:      marbit_many_paths, nicolae_ru_great_annihilating_truth, uniq_sigmund,
          uniq_jessica
D:3:      mumra_celtic_spiral_tile, first_ration, uniq_ijyb
D:4:      gammafunk_steamed_eel, minmay_temple_entry_statues_pillars,
          minmay_misc_feat_chi, kennysheep_small_spiral, tgw_kikubaaqudgha
D:5:      zin_statuary
D:6:      basic_altar, uniq_edmund
D:7:      kennysheep_mini, nicolae_overflow_crystal_walls, lemuel_doored_altar,
          basic_altar, uniq_pikel
D:8:      grunt_ogre_cave, minmay_misc_feat_ornament, uniq_grum
Temple:   jpeg_temple_island

Skill      XL: |  1  2  3  4  5  6  7  8 |
---------------+-------------------------+-----
Unarmed Combat | 4 5 6 8 10 | 10.9
Fighting       | 3 4 6 |  6.7
Dodging        | |  2.8
Stealth        | |  1.1

Action                   |  1- 3 |  4- 6 |  7- 9 || total
-------------------------+-------+-------+-------++-------
Melee: Unarmed           |    59 |   146 |   312 ||   517
       Punch             |     1 |     1 |     4 ||     6
Invok: Heroism           |       |       |     4 ||     4
  Use: Scroll            |       |     1 |       ||     1
       Potion            |       |       |     6 ||     6
 Stab: Distracted        |     1 |       |       ||     1
       Sleeping          |       |     8 |     7 ||    15
  Eat: Chunk             |    12 |    19 |    34 ||    65
       Ration            |       |       |     2 ||     2
Armor: Robe              |    23 |    52 |   200 ||   275
       Skin              |       |       |     2 ||     2
Dodge: Dodged            |    23 |    43 |   131 ||   197

Table legend:
 A = Spawn XP
 B = Non-spawn XP
 C = Spawn XP percentage of total XP
 D = Spawn monster count
 E = Non-spawn monster count
 F = Spawn count percentage of total count
 G = Total turns spent on level
                    A         B        C        D         E        F      G
               +---------+---------+-------+---------+---------+-------+---------
         Total |       0 |    4024 |   0.0 |       0 |     136 |   0.0 |  7663
               +---------+---------+-------+---------+---------+-------+---------
           D:1 |       0 |      41 |   0.0 |       0 |      24 |   0.0 |   825
           D:2 |       0 |     393 |   0.0 |       0 |      33 |   0.0 |  1029
           D:3 |       0 |     240 |   0.0 |       0 |      21 |   0.0 |   715
           D:4 |       0 |     245 |   0.0 |       0 |      13 |   0.0 |   885
           D:5 |       0 |     340 |   0.0 |       0 |      10 |   0.0 |  1724
           D:6 |       0 |    1453 |   0.0 |       0 |      18 |   0.0 |  1401
           D:7 |       0 |    1228 |   0.0 |       0 |      14 |   0.0 |   905
           D:8 |       0 |      84 |   0.0 |       0 |       3 |   0.0 |   120
               +---------+---------+-------+---------+---------+-------+---------
